 Dungeon Crawl Stone Soup version 0.29-a0-617-g7a6b98fccd (webtiles) character file.

Game seed: 6661675628585223498

7359 Kaemin the Spear-Bearer (level 10, -2/80 HPs)
             Began as a Minotaur Fighter on June 18, 2022.
             Was an Elder of Hepliaklqana.
             Slain by a komodo dragon (16 damage)
             ... on level 2 of the Lair of Beasts.
             The game lasted 00:51:48 (8361 turns).

Kaemin the Spear-Bearer (Minotaur Fighter)          Turns: 8361, Time: 00:51:52

Health: -2/80      AC: 20    Str: 24    XL:     10   Next: 91%
Magic:  10/10      EV:  9    Int:  4    God:    Hepliaklqana [****..]
Gold:   482        SH:  0    Dex: 16    Spells: 3/9 levels left

rFire   . . .      SeeInvis +   P - +2 great sword (holy)
rCold   . . .      Faith    .   (shield currently unavailable)
rNeg    + . .      Spirit   .   Q - +0 plate armour
rPois   .          Reflect  .   (helmet restricted)
rElec   .          Harm     .   B - +1 cloak {rCorr}
rCorr   +          Rampage  .   (no gloves)
Will    +....                   l - +0 pair of boots
Stlth   ..........              I - amulet of the acrobat
HPRegen 0.23/turn               L - ring "Waesen" {rN+ Will+ Dex+2}
MPRegen 0.12/turn               J - ring of see invisible

@: mighty
A: reduced essence, horns 2, retaliatory headbutt, talons 1, iridescent scales
1, agile 1, subdued magic 1
a: Renounce Religion, Recall Ancestor, Ancestor Identity, Transference, Idealise


You were on level 2 of the Lair of Beasts.
You worshipped Hepliaklqana.
Hepliaklqana was greatly pleased with you.
You visited 3 branches of the dungeon, and saw 11 of its levels.

You collected 482 gold pieces.

Inventory:

Hand Weapons
 a - a +0 trident
 y - a +0 scythe
 C - a +4 quarterstaff of chaos
 G - a +3 trident
 H - a +2 shortbow of flaming
 M - a +0 halberd
 P - a +2 great sword of holy wrath (weapon)
Missiles
 E - 4 silver boomerangs (quivered)
Armour
 l - a +0 pair of boots (worn)
 B - a +1 cloak of preservation (worn)
 Q - a +0 plate armour (worn)
Jewellery
 e - a ring of ice
 o - a ring of magical power
 I - an amulet of the acrobat (around neck)
 J - a ring of see invisible (right hand)
 L - the ring "Waesen" (left hand) {rN+ Will+ Dex+2}
   (You found it on level 6 of the Dungeon)

   [ring of willpower]

   Dex:       It affects your dexterity (+2).
   rN:        It protects you from negative energy.
   Will:      It increases your willpower.
Wands
 k - a wand of charming (1)
 D - a wand of flame (2)
Scrolls
 b - a scroll of silence {unknown}
 f - 6 scrolls of identify {unknown}
 h - 6 scrolls of teleportation {unknown}
 j - a scroll of magic mapping {unknown}
 p - 2 scrolls of vulnerability {unknown}
 q - 2 scrolls of fear {unknown}
 r - a scroll of fog {unknown}
 t - a scroll of blinking {unknown}
 v - a scroll of immolation {unknown}
 w - 2 scrolls of summoning {unknown}
 F - 3 scrolls of amnesia {unknown}
 K - a scroll of torment {unknown}
 O - a scroll of enchant weapon {unknown}
Potions
 d - 2 potions of might
 g - 3 potions of curing {unknown}
 i - 2 potions of degeneration {unknown}
 s - a potion of cancellation {unknown}
 u - a potion of mutation
 z - 3 potions of resistance
 N - a potion of haste {unknown}


   Skills:
 + Level 8.3 Fighting
 + Level 7.4 Long Blades
 + Level 10.0 Polearms
 + Level 1.9 Throwing
 + Level 9.8 Armour
 + Level 3.5 Dodging
 + Level 3.2 Stealth
 + Level 6.8 Shields
 + Level 2.2 Invocations
 + Level 4.0 Evocations


You had 3 spell levels left.
You knew the following spells:

 Your Spells              Type           Power      Damage    Failure   Level
a - Anguish               Hex/Necr       0%         N/A       100%        4
b - Ensorcelled Hibernat  Hex/Ice        0%         N/A       100%        2

Your spell library contained the following spells:

 Spells                   Type           Power      Damage    Failure   Level
 Foxfire                  Conj/Fire      0%         2x1d4     99%         1
 Necrotize                Necr           0%         1d4       99%         1
 Conjure Flame            Conj/Fire      0%         6-21      100%        3
 Inner Flame              Hex/Fire       0%         N/A       100%        3
 Spider Form              Tmut/Pois      0%         N/A       100%        3
 Cause Fear               Hex            0%         N/A       100%        4
 Corpse Rot               Necr/Pois/Air  0%         N/A       100%        4
 Flame Wave               Conj/Fire      0%         2d4       100%        4
 Freezing Cloud           Conj/Ice/Air   0%         6-21      100%        5
 Simulacrum               Ice/Necr       0%         N/A       100%        6
 Dragon Form              Tmut           0%         N/A       100%        7
 Infestation              Necr           0%         N/A       100%        8
 Dragon's Call            Summ           0%         N/A       100%        9
 Polar Vortex             Ice            0%         N/A       100%        9


Dungeon Overview and Level Annotations

Branches:
Dungeon (8/15)             Temple (1/1) D:6            Lair (2/6) D:8
  Swamp: Lair:2-4    Shoals: Lair:2-4     Snake: Lair:2-4    Spider: Lair:2-4

Altars:
Ashenzari
Cheibriados
Dithmenos
Elyvilon
Gozag
Hepliaklqana
Kikubaaqudgha
Makhleb
Nemelex Xobeh
Qazlal
Ru
Sif Muna
Trog
Uskayaw
Vehumet
Xom
Yredelemnul
Zin
The Shining One

Shops:
D:4 **


Innate Abilities, Weirdness & Mutations

Your life essence is reduced to manifest your ancestor. (-10% HP)
You have a pair of horns on your head.
You reflexively headbutt those who attack you in melee.
You have sharp toenails.
You are partially covered in iridescent scales. (AC +2)
You are agile. (Dex +4, Int/Str-1)
Your spells are a little easier to cast, but a little less powerful.


Message History

The yak gores Necuametl.
The catoblepas gores Necuametl!
Necuametl is destroyed!
The yak bellows!
You hit the catoblepas but do no damage.
The catoblepas is heavily wounded.
You are engulfed in calcifying dust.
The yak gores something!
The yak gores you but does no damage.
The catoblepas breathes a plume of calcifying dust at you.
The blast of calcifying dust hits you.
You slice the catoblepas!! You headbutt the catoblepas!
The catoblepas is almost dead.
You are engulfed in calcifying dust.
The yak barely misses you. The yak gores you but does no damage.
You slash the catoblepas!
You kill the catoblepas!
You are engulfed in calcifying dust.
The yak gores you. The yak gores you but does no damage.
Your Long Blades skill increases to level 7!
You hit the komodo dragon but do no damage.
The komodo dragon bites you but does no damage.
The yak gores you! The yak gores you. The komodo dragon bites you!
You feel very mighty all of a sudden. The yak gores you!
The yak gores you but does no damage. The komodo dragon bites you!
* * * LOW HITPOINT WARNING * * *
Aiming: Charm
Press: ? - help, Q - select action, (/) - cycle Shift-Dir - straight line, f - komodo dragon
Aim: a komodo dragon (chance to affect: 41%)
The komodo dragon resists with some effort.
The yak gores you.
* * * LOW HITPOINT WARNING * * *
The yak gores you but does no damage.
The komodo dragon bites you but does no damage.
Aiming: Charm
Press: ? - help, Q - select action, (/) - cycle Shift-Dir - straight line, f/p - komodo dragon
Aim: a komodo dragon (chance to affect: 41%)
The komodo dragon resists with some effort.
The yak barely misses you. The yak completely misses you.
The komodo dragon bites you!
You die...

....... ##.# ######
........# ..## ##.#.#.#
........# #..# ##.......
........###..###........
.........##..#..........
...............#........
...........##...........
....#.Yl..###.##........
.....YY@### ####........
......### ##.......
..... ########......
.... #P...###....## ...
#..⌠.#.#P#### .. ......
#.....#### # < .......
#⌠.<.⌠## # .......
#......### ##
.......###.....#..# #.


You could see a komodo dragon and 3 yaks.

Vanquished Creatures
  A catoblepas (Lair:2)
  The ghost of spaghetti the Fighter, a novice DsFi of Trog (D:7)
  Pikel (D:4)
  The ghost of beeps the Ducker, a novice MeWn of Xom (D:7)
  A hornet (D:8)
  A polar bear (Lair:2)
  A basilisk (Lair:2)
  A water moccasin (D:7)
  An orc warrior (D:8)
  A black bear (D:8)
  A sky beast (D:7)
  2 ogres (D:7)
  A lemure (D:4)
  3 scorpions
  5 bullfrogs
  Dowan (D:7)
  A killer bee (D:7)
  An electric eel (D:7)
  A howler monkey (D:6)
  2 hounds
  2 jellies (D:6)
  2 orc priests
  A gnoll shaman (D:7)
  Ijyb (D:4)
  An iguana (D:4)
  2 orc wizards (D:7)
  7 adders
  3 gnolls (D:7)
  A shadow imp (D:4)
  4 white imps
  3 ufetubi
  3 worms
  5 orcs
  4 ball pythons
  A bat (D:1)
  6 endoplasms
  4 giant cockroaches
  5 hobgoblins
  3 kobolds
  3 quokkas
  4 goblins
  9 rats
102 creatures vanquished.

Vanquished Creatures (collateral kills)
  3 komodo dragons (Lair:1)
  2 cane toads (Lair:1)
  Grinder (D:6)
  Sigmund (D:4)
  A vampire (D:7)
  A wyvern (D:7)
  A basilisk (Lair:2)
  Duvessa (D:7)
  2 water moccasins (Lair:1)
  2 black bears
  A sky beast (D:7)
  A lemure (D:4)
  2 bullfrogs (D:8)
  A necrophage (D:5)
  5 killer bees (D:7)
  An orc priest (D:7)
  Crazy Yiuf (D:4)
  An orc wizard (D:8)
  A gnoll (D:7)
  A white imp (D:8)
  A shadow imp (D:6)
  An ufetubus (D:5)
  A worm (D:5)
  11 orcs
  A goblin (D:4)
  A hobgoblin (D:3)
  A rat (D:2)
47 creatures vanquished.

Vanquished Creatures (others)
  2 battlemagi
  An ancestor (D:4)
  8 fungi
  4 plants
  6 withered plants (D:7)
21 creatures vanquished.

Grand Total: 170 creatures vanquished

Notes
Turn   | Place    | Note
-------+----------+-------------------------------------------
     0 | D:1      | Kaemin the Minotaur Fighter began the quest for the Orb.
     0 | D:1      | Reached XP level 1. HP: 19/19 MP: 0/0
    19 | D:1      | Noticed a minotaur skeleton
    94 | D:1      | Found a faded altar of an unknown god.
   567 | D:1      | Reached XP level 2. HP: 27/27 MP: 1/1
   577 | D:1      | Prayed at the altar of an unknown god.
   577 | D:1      | Became a worshipper of Hepliaklqana the Forgotten
   577 | D:1      | Reached * piety under Hepliaklqana
   985 | D:2      | Reached XP level 3. HP: 29/29 MP: 2/2
  1128 | D:2      | Reached ** piety under Hepliaklqana
  1530 | D:3      | Reached skill level 3 in Polearms
  1530 | D:3      | Reached XP level 4. HP: 36/36 MP: 3/3
  2024 | D:4      | Reached skill level 1 in Dodging
  2097 | D:4      | Found Usiess's General Store.
  2157 | D:4      | Noticed Ijyb
  2173 | D:4      | Killed Ijyb
  2174 | D:4      | Reached XP level 5. HP: 25/41 MP: 4/4
  2238 | D:4      | Remembered your ancestor Necuametl as a battlemage
  2310 | D:4      | Found Xageican's General Store.
  2318 | D:4      | Noticed a lemure
  2318 | D:4      | Noticed a lemure
  2319 | D:4      | Noticed a lemure
  2321 | D:4      | Noticed Pikel
  2322 | D:4      | Killed a lemure
  2324 | D:4      | Killed a lemure
  2325 | D:4      | Noticed a lemure
  2328 | D:4      | Killed Pikel
  2329 | D:4      | Reached skill level 5 in Polearms
  2329 | D:4      | Reached skill level 5 in Armour
  2329 | D:4      | Reached skill level 5 in Shields
  2329 | D:4      | Reached XP level 6. HP: 49/49 MP: 5/5
  2329 | D:4      | Reached XP level 7. HP: 54/54 MP: 6/6
  2808 | D:4      | Noticed Sigmund
  2816 | D:4      | Killed Sigmund
  2817 | D:4      | Reached skill level 5 in Fighting
  2817 | D:4      | Reached skill level 6 in Polearms
  2817 | D:4      | Reached skill level 1 in Throwing
  2817 | D:4      | Reached skill level 1 in Stealth
  2817 | D:4      | Reached skill level 1 in Evocations
  2984 | D:4      | Learned a level 4 spell: Anguish
  2987 | D:4      | Learned a level 2 spell: Ensorcelled Hibernation
  3068 | D:4      | Found a shadowy altar of Dithmenos.
  3103 | D:4      | Found a runed translucent door.
  3104 | D:4      | Noticed Crazy Yiuf
  3111 | D:4      | Killed Crazy Yiuf
  3261 | D:5      | Entered Level 5 of the Dungeon
  3718 | D:5      | Reached *** piety under Hepliaklqana
  4287 | D:6      | Reached XP level 8. HP: 58/61 MP: 7/7
  4314 | D:6      | Found a staircase to the Ecumenical Temple.
  4322 | Temple   | Entered the Ecumenical Temple
  4536 | D:6      | Reached skill level 7 in Polearms
  4578 | D:6      | Noticed Grinder
  4608 | D:6      | Paralysed by Grinder for 3 turns
  4612 | D:6      | Killed Grinder
  4890 | D:6      | Reached skill level 8 in Polearms
  4898 | D:6      | Identified the ring "Waesen" {rN+ Will+ Dex+2}
  5280 | D:7      | Reached XP level 9. HP: 60/67 MP: 8/8
  5407 | D:7      | Noticed Duvessa
  5409 | D:7      | Noticed Dowan
  5412 | D:7      | Killed Dowan
  5416 | D:7      | Killed Duvessa
  5417 | D:7      | Reached skill level 9 in Polearms
  5437 | D:7      | Found a runed translucent gate.
  5437 | D:7      | Found a runed translucent gate.
  5438 | D:7      | Found a runed translucent gate.
  5441 | D:7      | Noticed spaghetti's ghost (novice DsFi)
  5441 | D:7      | Noticed beeps's ghost (novice MeWn)
  5836 | D:7      | Reached skill level 1 in Invocations
  6651 | D:7      | Killed beeps's ghost
  6652 | D:7      | Reached skill level 1 in Long Blades
  6664 | D:7      | Killed spaghetti's ghost
  6665 | D:7      | Reached skill level 10 in Polearms
  6665 | D:7      | Reached XP level 10. HP: 42/75 MP: 10/10
  6665 | D:7      | Gained mutation: You are agile. (Dex +4, Int/Str-1) [potion
                  | of mutation]
  6665 | D:7      | Gained mutation: Your spells are a little easier to cast,
                  | but a little less powerful. [potion of mutation]
  6665 | D:7      | Gained mutation: You are partially covered in iridescent
                  | scales. (AC +2) [potion of mutation]
  6665 | D:7      | Gained mutation: You have sharp toenails. [potion of
                  | mutation]
  7113 | D:8      | Found a staircase to the Lair.
  7143 | Lair:1   | Entered Level 1 of the Lair of Beasts
  7422 | Lair:1   | Got the Disquisition on Evil Rites
  7448 | Lair:1   | Noticed a cane toad
  7449 | Lair:1   | Noticed a cane toad
  7454 | Lair:1   | Reached skill level 5 in Long Blades
  7457 | Lair:1   | Killed a cane toad
  7466 | Lair:1   | Killed a cane toad
  8235 | Lair:2   | Reached **** piety under Hepliaklqana
  8348 | Lair:2   | Noticed a catoblepas
  8357 | Lair:2   | Killed a catoblepas
  8361 | Lair:2   | Slain by a komodo dragon

Illustrated notes

Levels and vault maps discovered:
D:1:      shiori_arrival_whats_in_store_for_you, layout_basic,
          ebering_ecumenical_altar_sacrificial
D:2:      minmay_wonky_spiral, layout_rooms
D:3:      layout_rooms
D:4:      layout_basic, grunt_dithmenos_smoke_and_mirrors, serial_shops,
          nicolae_shop_statue_plus, minmay_shop_grid_forest, uniq_sigmund,
          uniq_ijyb, uniq_pikel, uniq_crazy_yiuf_cottage
D:5:      layout_gridville
D:6:      layout_rooms, minmay_temple_entry_fiery, uniq_grinder
D:7:      layout_layer_cave, gammafunk_ghost_cemetery, kennysheep_dice,
          uniq_duvessa
D:8:      layout_layer_cave, nzn_wu_jian_council_hall, lemuel_doored_altar,
          grunt_lair_entry_orc_guard_hut
Temple:   compressed_dpeg_circular_temple
Lair:1:   layout_roguey
Lair:2:   layout_cave_pods, elwin_shoals_entry_rocks,
          nicolae_spider_entry_non_spiders, grunt_megastairs_2

Skill      XL: |  1  2  3  4  5  6  7  8  9 10 |
---------------+-------------------------------+-----
Armour         | 4 5 6 7 8 9 |  9.8
Shields        | 4 5 6 |  6.8
Fighting       | 4 5 6 8 |  8.3
Polearms       | 3 5 6 8 10 | 10.0
Dodging        | 1 2 3 |  3.5
Throwing       | 1 |  1.9
Stealth        | 1 2 3 |  3.2
Evocations     | 1 2 3 4 |  4.0
Invocations    | 1 2 |  2.2
Long Blades    | 2 7 |  7.4

Action                   |  1- 3 |  4- 6 |  7- 9 | 10-12 || total
-------------------------+-------+-------+-------+-------++-------
Melee: Trident           |    71 |    45 |   151 |       ||   267
       Headbutt          |     6 |     3 |    23 |    13 ||    45
       Great sword       |       |       |    30 |    46 ||    76
Throw: Throwing net      |     1 |     4 |     3 |       ||     8
       Boomerang         |       |       |       |    10 ||    10
Invok: Ancestor Identity |       |     1 |     1 |       ||     2
       Ancestor Life: Ba |       |     1 |       |       ||     1
       Transference      |       |       |     4 |     2 ||     6
Evoke: Wand              |       |     5 |    29 |     3 ||    37
  Use: Potion            |       |     1 |     6 |     5 ||    12
 Stab: Distracted        |       |       |     4 |       ||     4
Armor: Scale mail        |    23 |    20 |       |       ||    43
       Chain mail        |       |       |    83 |    15 ||    98
       Plate armour      |       |       |       |    21 ||    21
Dodge: Dodged            |    17 |    14 |    62 |    34 ||   127
Block: Buckler           |    10 |     9 |    27 |       ||    46

Table legend: (Time is in decaauts)
 A = Elapsed time spent in this place.
 B = Non-inter-level travel time spent in this place.
 C = Inter-level travel time spent in this place.
 D = Time resting spent in this place.
 E = Time spent auto-exploring this place.
 F = Levels seen in this place.
 G = Mean time per level.
                   A        B        C        D        E       F      G
               +--------+--------+--------+--------+--------+-----+--------+
         Total |   8421 |   6690 |   1731 |    633 |   4755 |  11 |  765.5 |
       Dungeon |   7057 |   5806 |   1251 |    467 |   4251 |   8 |  882.1 |
        Temple |    134 |      2 |    132 |      0 |      0 |   1 |  134.0 |
          Lair |   1228 |    880 |    348 |    166 |    504 |   2 |  614.0 |
               +--------+--------+--------+--------+--------+-----+--------+

Top non-repeatable levels by time:
     D:7: 1672 daAuts
     D:4: 1422 daAuts
  Lair:1: 1029 daAuts
     D:5: 979 daAuts
     D:6: 843 daAuts
     D:2: 667 daAuts
     D:1: 666 daAuts
     D:3: 528 daAuts
     D:8: 278 daAuts
  Lair:2: 199 daAuts
  Temple: 134 daAuts
